Map: Lerilak Crest

Players

goreanddin - Winner!

  • Race: Terran Terran
  • League: Diamond

LilDicky

  • Race: Terran Terran
  • League: Diamond

VOD

http://www.twitch.tv/tumescentpie

Description

Time

  • Played on: Dec. 10, 2015, 11:04 a.m.
  • Length: 14:56
Show
View Real Time Build Order
Export as new Build Order

goreanddin Terran - Winner!

Build Orders: Reaper Expand, MMM Bio 

Get SALT Encoding   

  12  0:01  SCV  
  13  0:13  SCV  
  14  0:17  Supply Depot  
  14  0:26  SCV  
  15  0:39  SCV  
  15  0:41  Barracks  
  16  0:45  Refinery  
  16  0:51  SCV  
  17  1:03  SCV  
  18  1:15  SCV  
  19  1:28  Reaper, Orbital Command  
  20  1:46  Command Center  
  20  1:54  SCV  
  21  2:02  Supply Depot  
  21  2:04  Barracks Reactor  
  21  2:10  SCV  
  22  2:22  SCV  
  23  2:27  Factory  
  23  2:34  Refinery  
  23  2:41  Marine x2  
  23  2:43  SCV  
  26  2:59  Marine x2  
  26  3:02  Orbital Command  
  26  3:04  SCV  
  29  3:11  Hellion  
  31  3:17  Barracks  
  31  3:18  Starport  
  31  3:20  SCV  
  31  3:23  Marine x2  
  33  3:30  SCV  
  34  3:38  Hellion  
  36  3:45  SCV  
  37  4:05  Factory Tech Lab  
  37  4:06  Viking, Marine x2  
  37  4:07  SCV x2  
  43  4:20  Command Center  
  43  4:24  Engineering Bay  
  43  4:25  Cyclone  
  46  4:43  SCV  
  46  5:01  Missile Turret x2  
  42  5:07  Marine x2  
  44  5:15  Barracks  
  44  5:18  Terran Infantry Weapons Level 1, Barracks x2  
  44  5:19  SCV x2, Barracks x2  
  44  5:20  Factory Tech Lab, Engineering Bay  
  46  5:34  Marine  
  46  5:35  Marine  
  46  5:39  Raven  
  44  5:51  Siege Tank  
  36  6:23  SCV x2  
  36  6:25  Orbital Command  
  36  6:35  SCV x2  
  36  6:38  Starport Reactor  
  36  6:39  Stimpack  
  37  6:44  Terran Infantry Armor Level 1  
  37  6:45  Orbital Command  
  37  6:47  Armory, SCV  
  37  6:49  Refinery x2  
  37  6:50  SCV  
  40  7:01  SCV  
  40  7:08  SCV  
  40  7:13  SCV  
  42  7:21  SCV  
  42  7:22  Barracks Tech Lab x2  
  43  7:23  Barracks Reactor  
  43  7:25  Siege Tank  
  46  7:35  Supply Depot  
  46  7:37  Barracks Reactor  
  46  7:42  SCV x2  
  46  7:43  SCV  
  49  7:46  Terran Infantry Weapons Level 2  
  49  7:48  Marine x2  
  49  7:49  Marine x3  
  54  7:54  SCV  
  54  7:55  SCV  
  56  8:01  SCV  
  56  8:03  Combat Shields, Concussive Shells  
  56  8:04  Marine  
  58  8:06  Marine  
  58  8:07  SCV, Marauder x2  
  58  8:12  Marauder, Marine x2  
  68  8:13  SCV  
  68  8:18  Supply Depot  
  69  8:21  SCV  
  69  8:22  Supply Depot, Marine  
  71  8:29  SCV x2, Marauder  
  71  8:30  Marauder  
  77  8:39  Marine  
  77  8:40  Medivac x2  
  82  8:41  Supply Depot  
  82  8:42  SCV x2  
  84  8:53  Siege Tank  
  84  8:55  Marauder x2  
  91  8:56  Marauder  
  93  9:03  SCV x3  
  93  9:05  Supply Depot  
  93  9:06  Supply Depot  
  96  9:23  SCV  
  96  9:24  SCV x2  
  99  9:25  Marauder  
  99  9:27  Marauder x2, Marine x2  
  99  9:29  Supply Depot  
  99  9:30  Supply Depot  
  107  9:31  Supply Depot  
  107  9:33  Supply Depot  
  107  9:35  SCV  
  107  9:37  SCV x2  
  107  9:38  Marine x2  
  106  9:46  Marauder  
  106  9:48  SCV  
  99  9:54  Viking x2  
  99  10:03  Marine  
  99  10:04  Marine x5  
  105  10:09  Supply Depot, Starport  
  105  10:10  SCV x3, Supply Depot  
  108  10:14  Missile Turret  
  108  10:15  Missile Turret x2  
  108  10:18  Missile Turret  
  108  10:22  Missile Turret  
  108  10:24  Missile Turret  
  108  10:25  Missile Turret  
  108  10:30  Medivac x2  
  108  10:33  Marine x6  
  108  10:35  Marine  
  119  10:36  Marine  
  119  10:38  SCV  
  121  10:45  Supply Depot  
  121  10:48  Supply Depot  
  121  10:50  Marine x2  
  121  10:51  Starport Reactor, Marine x3  
  121  10:56  SCV, Missile Turret  
  121  10:57  SCV x2  
  129  11:00  Terran Infantry Weapons Level 3  
  129  11:04  Terran Infantry Armor Level 2  
  129  11:05  Medivac  
  129  11:07  Medivac  
  129  11:08  SCV  
  129  11:10  SCV x2  
  136  11:19  Marine, Marauder x3  
  136  11:20  Marine  
  144  11:26  SCV x2  
  146  11:32  Viking  
  146  11:33  Viking  
  146  11:35  Medivac  
  146  11:36  Siege Tank  
  146  11:37  Medivac  
  157  11:40  Marauder x2  
  161  11:52  Supply Depot  
  161  11:53  Supply Depot  
  161  11:54  Command Center  
  161  11:55  Refinery  
  161  11:56  Refinery  
  161  11:59  Command Center  
  119  12:34  Marauder, Marine x4  
  119  12:35  Marine x2  
  119  12:36  Marauder x2  
  111  12:52  Marine x4  
  109  13:01  Viking x4  
  114  13:10  Marine x3  
  114  13:11  Marine x6  
  120  13:14  Orbital Command  
  120  13:15  Orbital Command  
  114  13:28  Marine x8  
  114  13:29  Marine  
  114  13:30  Viking  
  114  13:31  Viking x3  
  131  13:46  Marine x6  
  124  14:00  Viking  
  124  14:01  Viking x2, Marine x3  
  133  14:04  Siege Tank  
  133  14:05  Viking  
  132  14:36  Marine x7  
Show
View Real Time Build Order
Export as new Build Order

LilDicky Terran 

Build Orders: Mech, Banshee Rush 

Get SALT Encoding   

  12  0:02  SCV  
  13  0:18  Supply Depot  
  13  0:20  SCV  
  14  0:32  SCV  
  14  0:33  Refinery  
  15  0:44  Barracks  
  15  0:45  SCV  
  16  0:57  SCV  
  17  1:09  SCV  
  18  1:22  SCV  
  19  1:32  Supply Depot  
  19  1:35  Reaper  
  19  1:37  Orbital Command  
  20  1:40  Refinery  
  20  1:59  Factory  
  20  2:07  SCV  
  20  2:12  Reaper  
  21  2:19  SCV  
  22  2:34  SCV  
  23  2:39  Supply Depot  
  23  2:46  SCV, Starport, Factory Tech Lab  
  24  2:56  Marine  
  26  2:58  SCV  
  26  3:14  Command Center  
  26  3:15  SCV  
  26  3:18  Marine  
  28  3:34  Cloaking Field, Engineering Bay  
  28  3:35  Banshee  
  28  3:39  Supply Depot  
  31  4:02  Marine  
  30  4:04  Widow Mine  
  30  4:05  SCV  
  30  4:09  Supply Depot  
  33  4:17  SCV  
  34  4:25  Banshee  
  37  4:33  Marine  
  37  4:34  Factory Tech Lab  
  37  4:36  Bunker  
  38  4:39  SCV  
  35  4:53  Siege Tank  
  34  5:00  Orbital Command  
  34  5:08  Command Center  
  34  5:16  SCV, Banshee  
  34  5:19  Refinery  
  38  5:23  Refinery  
  38  5:24  Marine  
  38  5:25  Siege Tank  
  38  5:28  SCV  
  43  5:40  SCV  
  41  5:57  Siege Tank  
  41  5:59  Banshee  
  42  6:04  Orbital Command  
  38  6:19  Command Center  
  38  6:20  Orbital Command  
  38  6:27  SCV  
  38  6:29  Siege Tank  
  42  6:42  SCV  
  43  6:47  SCV x2  
  43  6:54  SCV  
  46  6:59  SCV  
  47  7:06  Hi-Sec Auto Tracking  
  47  7:10  Siege Tank  
  47  7:12  Missile Turret  
  50  7:16  SCV x2  
  52  7:30  Missile Turret  
  52  7:33  Missile Turret  
  52  7:35  Missile Turret  
  52  7:36  Orbital Command  
  52  7:37  Supply Depot  
  52  7:38  Orbital Command  
  52  7:41  Refinery  
  52  7:50  Siege Tank  
  55  7:54  Banshee, Factory  
  55  7:56  Factory  
  57  7:59  Starport  
  57  8:04  SCV x3  
  60  8:16  SCV x2  
  60  8:17  Missile Turret  
  60  8:18  SCV  
  63  8:21  SCV  
  64  8:28  SCV  
  64  8:30  SCV  
  64  8:33  SCV  
  67  8:37  Starport Reactor  
  67  8:38  Missile Turret  
  67  8:41  Banshee, Sensor Tower  
  67  8:42  SCV  
  67  8:44  Building Armor  
  67  8:45  SCV  
  67  8:47  Armory, Missile Turret  
  72  8:50  SCV x2  
  72  8:51  Armory  
  74  8:59  SCV  
  74  9:01  Refinery  
  75  9:11  SCV, Sensor Tower  
  75  9:14  Missile Turret  
  75  9:16  SCV x2  
  78  9:17  Missile Turret  
  78  9:18  Factory Tech Lab, Factory Reactor  
  78  9:22  Factory  
  78  9:23  SCV  
  79  9:25  Supply Depot  
  79  9:28  Factory  
  79  9:30  Banshee  
  82  9:35  SCV  
  82  9:47  SCV  
  80  9:57  SCV x2  
  80  9:58  SCV  
  80  9:59  SCV  
  84  10:07  Command Center  
  84  10:09  SCV x2  
  84  10:10  SCV  
  87  10:23  SCV x2, Refinery  
  87  10:25  Refinery  
  87  10:26  SCV x2  
  91  10:33  Factory Tech Lab, Hellion x3, Siege Tank  
  102  10:36  Hellion  
  102  10:37  Banshee  
  102  10:38  Viking  
  107  10:44  Command Center  
  107  10:48  Supply Depot  
  107  10:49  Terran Vehicle And Ship Armor Level 1, Terran Vehicle Weapons Level 1  
  107  10:57  Armory  
  107  11:01  Fusion Core  
  107  11:08  Missile Turret  
  107  11:14  Missile Turret  
  109  11:21  Medivac  
  109  11:23  Viking x2  
  109  11:24  Widow Mine  
  109  11:25  Widow Mine x3  
  115  11:26  Widow Mine  
  115  11:28  Drilling Claws  
  115  11:30  Infernal Pre-Igniter  
  123  11:33  Factory Tech Lab  
  123  11:40  Supply Depot, Terran Infantry Armor Level 1  
  123  11:50  Missile Turret, Behemoth Reactor  
  123  11:55  Orbital Command  
  123  11:58  Refinery  
  123  12:01  Missile Turret  
  123  12:03  Supply Depot  
  78  12:37  Hellion x2  
  78  12:38  Hellion x2, Siege Tank  
  71  12:56  Hellion  
  71  12:57  Banshee, Viking x2  
  80  12:59  Hellion, Siege Tank  
  83  13:10  Siege Tank  
  83  13:11  Siege Tank  
  70  13:27  Viking x2  
  66  13:39  Banshee  
  59  14:00  Hellion  
  59  14:01  Hellion x5  
  63  14:05  Viking x2  
  67  14:13  Orbital Command  
  67  14:14  Starport  
  67  14:18  Starport  
Tags
 
Add a new tag
Caveats
  • Supply blocks, unpowered buildings, or Contaminate may cause inaccurate times.
  • Supply counts are checked every 10 seconds.